 Dungeon Crawl Stone Soup version 0.24.0-123-gd5b16e6ec5 (webtiles) character file.

Game seed: 17838085362304044213, levelgen mode: deterministic

39 Lemonice the Vexing (level 3, 0/24 HPs)
             Began as a Vampire Enchanter on Feb 10, 2020.
             Succumbed to an adder's poison
             ... on level 2 of the Dungeon.
             The game lasted 00:04:08 (621 turns).

Lemonice the Vexing (Vampire Enchanter)              Turns: 621, Time: 00:04:08

Health: 0/24       AC:  2    Str:  7    XL:     3   Next: 28%
Magic:  1/6        EV: 13    Int: 18    God:
Gold:   29         SH:  0    Dex: 14    Spells: 3/6 levels left

rFire    . . .     SeeInvis +   a - +1 dagger
rCold    . . .     Gourm    .   (no shield)
rNeg     . . .     Faith    .   b - +0 robe
rPois    .         Spirit   .   (no helmet)
rElec    .         Reflect  .   (no cloak)
rCorr    .         Harm     .   (no gloves)
MR       .....                  (no boots)
Stlth    +++.......             (no amulet)
HPRegen  0.28/turn              (no ring)
MPRegen  0.10/turn              (no ring)

@: lethally poisoned (0 -> -2), regenerating quickly
A: no food, fangs 3, see invisible, unbreathing
a: Exsanguinate


You were on level 2 of the Dungeon.
You were alive.

You visited 1 branch of the dungeon, and saw 2 of its levels.

You collected 29 gold pieces.

Inventory:

Hand Weapons
 a - a +1 dagger (weapon)
Armour
 b - a +0 robe (worn)
Jewellery
 k - a +4 ring of intelligence {unknown}
Scrolls
 d - a scroll of teleportation {unknown}
 e - a scroll of remove curse {unknown}
 g - a scroll of identify
 h - a scroll of fog {unknown}
Potions
 c - a potion of heal wounds {unknown}
 f - a potion of haste {unknown}
 i - a potion of flight {unknown}
 j - 3 potions of cancellation


   Skills:
 + Level 1.7 Short Blades
 + Level 2.6 Dodging
 + Level 4.9 Stealth
 + Level 2.3 Spellcasting
 + Level 5.0 Hexes


You had 3 spell levels left.
You knew the following spells:

 Your Spells              Type           Power        Failure   Level  Hunger
a - Corona                Hex            ###....      2%          1    N/A
b - Ensorcelled Hibernat  Hex/Ice        ##....       10%         2    N/A

Your spell library contained the following spells:

 Spells                   Type           Power        Failure   Level  Hunger
 Confuse                  Hex            ###.....     7%          3    N/A
 Tukima's Dance           Hex            ###.....     7%          3    N/A
 Dazzling Spray           Conj/Hex       ##....       19%         3    N/A

Dungeon Overview and Level Annotations

Branches:
Dungeon (2/15)

Altars:

Annotations:
D:2 Terence


Innate Abilities, Weirdness & Mutations

You do not eat.
Your natural rate of healing is unusually fast.
You have razor-sharp teeth.
You have supernaturally acute eyesight. (SInv)
You can survive without breathing.


Message History

* * * LOW HITPOINT WARNING * * *
You feel sick. The adder barely misses you.
You slide downwards.
The hatch slams shut behind you.
Level annotation: Terence
* * * LOW HITPOINT WARNING * * *
You feel sick.
Found a scroll labeled ONETWY WAYPH.
Found a stone staircase leading down.
You hit the adder.
The adder is heavily wounded.
The adder barely misses you.
You hit the adder but do no damage.
The adder is heavily wounded.
* * * LOW HITPOINT WARNING * * *
You feel sick. The adder completely misses you.
You barely miss the adder.
The adder is heavily wounded.
The adder closely misses you.
You hit the adder but do no damage.
The adder is heavily wounded.
You die...

##+##+#
#.....#
#.....#
#...S.+
#.?@..#
##.........
#....##..##
#>.#.. ...
... ### #
.... .....
#.....


You could see an adder.

Vanquished Creatures
  An adder (D:2)
  2 leopard geckos (D:1)
  A ball python (D:1)
  4 bats (D:1)
  3 giant cockroaches (D:1)
  5 goblins (D:1)
  3 hobgoblins (D:1)
  3 kobolds (D:1)
  5 rats (D:1)
27 creatures vanquished.

Notes
Turn   | Place    | Note
-------+----------+-------------------------------------------
     0 | D:1      | Lemonice the Vampire Enchanter began the quest for the Orb.
     0 | D:1      | Reached XP level 1. HP: 13/13 MP: 3/3
   189 | D:1      | Reached XP level 2. HP: 17/19 MP: 5/5
   251 | D:1      | Learned a level 2 spell: Ensorcelled Hibernation
   452 | D:1      | Reached XP level 3. HP: 24/24 MP: 4/6
   592 | D:2      | Reached skill level 5 in Hexes
   596 | D:2      | Noticed Terence
   617 | D:2      | HP: 1/24 [poisoned by an adder]
   621 | D:2      | Succumbed to an adder's poison

Levels and vault maps discovered:
D:1:      lemuel_arrival_broad_hall, layout_rooms
D:2:      layout_basic, nicolae_overflow_hidden_temple, uniq_jessica,
          uniq_terence

Skill      XL: |  1  2  3 |
---------------+----------+-----
Hexes          | 5 |  5.0
Short Blades   | |  1.7
Dodging        | |  2.6
Stealth        | |  4.9
Spellcasting   | |  2.3

Action                   || total
-------------------------++-------
Melee: Dagger            ||    90
       Bite              ||     4
 Cast: Ensorcelled Hiber ||    11
  Use: Scroll            ||     1
 Stab: Sleeping          ||    13
Armor: Robe              ||    13
Dodge: Dodged            ||    67
